Description

Fast double hellion into liberator transition into cyclone when enough gas. Armory to change hellion into hellbat.

Scout at 15 to look for zerg pressure. IF found build marine, and hellion prior to reactor building on barracks and swap on factory. Also start doubling up supply wall. Pull off gas after dropping factory until mins filled up. Then get back on gas and switch to liberator cyclone with avaliable gas.

Replay - Mech vs Zerg All-In

Build Order

Get SALT Encoding   

  12  0:01  SCV  
  13  0:13  SCV  
  14  0:19  Supply Depot  
  14  0:25  SCV  
  15  0:29  Refinery  
  15  0:40  SCV  
  16  0:46  Barracks  
  16  0:53  SCV  
  17  1:04  Refinery  
  17  1:05  SCV  
  18  1:17  SCV  
  19  1:29  SCV  
  20  1:37  Factory  
  20  1:44  Barracks Reactor  
  20  1:46  Orbital Command  
  20  1:52  Supply Depot  
  20  2:12  SCV  
  21  2:25  Starport  
  21  2:28  Hellion x2  
  25  2:36  SCV  
  26  2:42  Barracks Reactor  
  26  2:50  Hellion x2  
  31  3:20  Supply Depot x2  
  31  3:39  Hellion x2  
  35  4:00  Hellion x2  
  39  4:21  Supply Depot  
  39  4:22  Hellion x2  
  43  4:47  Armory x2  
  43  4:54  Liberator x2  
  49  5:59  Liberator x2  
  49  6:01  Cyclone x2  
  56  6:42  Liberator x2  
  53  6:48  Cyclone  
  57  8:08  Command Center  
Spawning Tool Build Advisor. Get it on Overwolf

Analysis

Micro the hell out of the hellions and keep the pressure on until your liberators arrive, then siege with the lib cyclone/hellbat

Go to:

Details

  • Created by: silverhorn  
  • Published on: Jul 10, 2018
  • Modified on: Jul 11, 2018
  • Patch: 4.0.0
Show
View Real Time Build Order
Export as new Build Order

Comments (0)

There are no comments. Be the first!

Create an account to comment!